 Dungeon Crawl Stone Soup version 0.20.1-1-g8b1a95d (webtiles) character file.

67 slep the Chopper (level 4, -3/23 HPs)
             Began as a Vine Stalker Gladiator on Dec 22, 2017.
             Slain by a gnoll
             ... wielding a cursed +0 whip
              (4 damage)
             ... on level 2 of the Dungeon.
             The game lasted 00:03:48 (864 turns).

slep the Chopper (Vine Stalker Gladiator)            Turns: 864, Time: 00:03:50

Health: -3/23      AC:  4    Str: 17    XL:     4   Next: 16%
Magic:  0/5        EV: 13    Int:  8    God:
Gold:   75         SH:  0    Dex: 16    Spells: 3/3 levels left

rFire    . . .     SeeInvis .   a - +0 war axe
rCold    . . .     Gourm    .   (no shield)
rNeg     . . .     Faith    .   b - +0 leather armour
rPois    .         Spirit   +   c - +0 helmet
rElec    .         Reflect  .   (no cloak)
rCorr    .         Harm     .   (no gloves)
MR       .....                  (no boots)
Stlth    +.........             (no amulet)
Regen    0.5/turn               (no ring)
MPRegen  0.1/turn               (no ring)

@: lethally poisoned (-3 -> -3)
A: fangs 2, regeneration 1, magic shield, antimagic bite, no potion heal 3, rot
immunity
a: no special abilities


You were on level 2 of the Dungeon.
You were not hungry.

You visited 1 branch of the dungeon, and saw 2 of its levels.

You collected 75 gold pieces.

Inventory:

Hand Weapons
 a - a +0 war axe (weapon)
Missiles
 d - 3 throwing nets (quivered)
 o - 25 sling bullets
Armour
 b - a +0 leather armour (worn)
 c - a +0 helmet (worn)
Scrolls
 l - a scroll of amnesia {unknown}
 m - a scroll of identify {unknown}
 n - 2 scrolls of teleportation {unknown}
 p - a scroll of fog {unknown}
 r - a scroll of noise {unknown}
Potions
 e - 2 potions of agility {unknown}
 g - a potion of mutation {unknown}
 h - a potion of degeneration {unknown}
 i - 2 potions of flight {unknown}
 j - a potion of curing {unknown}
 k - a potion of heal wounds {unknown}
 q - a potion of brilliance {unknown}
Comestibles
 f - 2 bread rations
 s - a meat ration


   Skills:
 + Level 2.1 Fighting
 + Level 3.7 Axes
 + Level 1.9 Throwing
 + Level 0.2 Armour
 + Level 2.7 Dodging
 + Level 0.3 Stealth


You had 3 spell levels left.
You didn't know any spells.

Dungeon Overview and Level Annotations

Branches:
Dungeon (2/15)

Altars:


Innate Abilities, Weirdness & Mutations

You have extremely sharp teeth.
Your natural rate of healing is unusually fast.
When hurt, damage is shared between your health and your magic reserves.
Your bite disrupts and absorbs the magic of your enemies.
Potions cannot restore your health.
You are immune to rotting.


Message History

The adder bites you.
* * * LOW HITPOINT WARNING * * *
The gnoll hits you but does no damage. The gnoll barely misses you.
The adder bites you.
* * * LOW HITPOINT WARNING * * *
You are poisoned.
The adder poisons you!
You barely miss the adder. Your bite misses the adder.
The adder is heavily wounded.
You hit the gnoll. You hit the gnoll but do no damage.
You feel sick. The adder bites you but does no damage.
The gnoll hits you with a whip. The gnoll hits you but does no damage.
The adder bites you.
* * * LOW HITPOINT WARNING * * *
You closely miss the adder.
The adder is heavily wounded.
You closely miss the gnoll. You hit the gnoll.
You kill the gnoll!
* * * LOW HITPOINT WARNING * * *
You feel sick. The gnoll hits you with a whip.
You die...

#####.#####
#.........#
#.###.###<#
#.........#
###..##.###.#
.........##.###
.##..#.........
#......)..###
##.#)@)####
...##gS# ###
#hg# #g.# ...#
.... .### !.


You could see a gnoll, an adder, a jackal and 2 goblins.

Vanquished Creatures
  3 gnolls (D:2)
  An adder (D:2)
  An ooze (D:2)
  A worm (D:2)
  A leopard gecko (D:1)
  A bat (D:1)
  5 goblins
  2 hobgoblins (D:1)
  2 jackals (D:2)
  2 kobolds (D:1)
  4 rats
23 creatures vanquished.

Notes
Turn   | Place    | Note
-------+----------+-------------------------------------------
     0 | D:1      | slep the Vine Stalker Gladiator began the quest for the Orb.
     0 | D:1      | Reached XP level 1. HP: 11/11 MP: 2/2
   201 | D:1      | Reached XP level 2. HP: 15/15 MP: 3/3
   265 | D:1      | Reached skill level 3 in Axes
   700 | D:2      | Reached XP level 3. HP: 11/18 MP: 2/4
   862 | D:2      | Gained mutation: Your natural rate of healing is unusually fast. [Vine Stalker growth]
   862 | D:2      | Reached XP level 4. HP: 6/23 MP: 2/5
   864 | D:2      | HP: 1/23 [poisoned by an adder]
   864 | D:2      | Slain by a gnoll

Skill      XL: |  1  2 |
---------------+-------+-----
Axes           | 3 |  3.7
Fighting       | 2 |  2.1
Throwing       | |  1.9
Armour         | |  0.2
Dodging        | |  2.7
Stealth        | |  0.3

Action                   |  1- 3 |  4- 6 || total
-------------------------+-------+-------++-------
Melee: War axe           |    44 |     2 ||    46
       Bite              |    10 |       ||    10
 Stab: Sleeping          |     1 |       ||     1
Armor: Leather armour    |     9 |     2 ||    11
Dodge: Dodged            |    44 |     1 ||    45
